 Dungeon Crawl Stone Soup version 0.26.1-11-gd32895ea62 (webtiles) character file.

Game seed: 6809790580129241683

6 MajorAdolf the Magician (level 1, -2/15 HPs)
             Began as a Naga Wanderer on July 21, 2021.
             Slain by a hobgoblin
             ... wielding a +0 club
              (4 damage)
             ... on level 1 of the Dungeon.
             The game lasted 00:00:57 (367 turns).

MajorAdolf the Magician (Naga Wanderer)              Turns: 367, Time: 00:00:57

Health: -2/15      AC:  0    Str: 13    XL:     1   Next: 90%
Magic:  3/4        EV:  9    Int: 10    God:
Gold:   24         SH:  0    Dex: 13    Spells: 5/6 levels left

rFire    . . .     SeeInvis +   e - +0 dagger
rCold    . . .     Faith    .   (no shield)
rNeg     . . .     Spirit   .   (no armour)
rPois    +         Reflect  .   (no helmet)
rElec    .         Harm     .   (no cloak)
rCorr    .         Rampage  .   (no gloves)
Will     .....                  (no barding)
Stlth    ++........             (no amulet)
HPRegen  0.05/turn              (no ring)
MPRegen  0.09/turn              (no ring)

@: short of breath, very slightly contaminated, very slow
A: large, see invisible, deformed body, poison resistance, slowness 2, spit
poison 1, AC +0
a: Spit Poison


You were on level 1 of the Dungeon.
You visited 1 branch of the dungeon, and saw 1 of its levels.

You collected 24 gold pieces.

Inventory:

Hand Weapons
 e - a +0 dagger (weapon)
Potions
 b - 3 potions of lignification


   Skills:
 - Level 2.0 Staves
 - Level 1.0 Throwing
 - Level 3.0 Stealth
 + Level 3.3 Spellcasting
 - Level 1.0 Transmutations
 - Level 1.3 Poison Magic


You had 5 spell levels left.
You knew the following spells:

 Your Spells              Type           Power        Failure   Level
a - Magic Dart            Conj           4%           26%         1

Your spell library contained the following spells:

 Spells                   Type           Power        Failure   Level
 Blink                    Tloc           N/A          38%         2
 Call Imp                 Summ           1%           38%         2
 Slow                     Hex            1%           38%         2
 Mephitic Cloud           Conj/Pois/Air  2%           56%         3
 Conjure Flame            Conj/Fire      1%           63%         3


Dungeon Overview and Level Annotations

Branches:
Dungeon (1/15)

Altars:


Innate Abilities, Weirdness & Mutations

You cannot wear boots.
Your serpentine skin is tough. (AC +0)
You have supernaturally acute eyesight. (SInv)
Armour fits poorly on your strangely shaped body.
Your system is resistant to poisons. (rPois)
You cover ground very slowly.
You can spit poison.


Message History

Aim: a hobgoblin, wielding a +0 club The splash of poison misses the hobgoblin.
The hobgoblin closely misses you.
You have got your breath back.
Unknown command.
Casting: Magic Dart (safe; 26% risk of failure)
Confirm with . or Enter, or press ? or * to list all spells.
Aiming: Magic Dart (safe; 26% risk of failure)
Press: ? - help, Shift-Dir - straight line, f/p - hobgoblin
Aim: a hobgoblin, wielding a +0 club (0% to evade)
You miscast Magic Dart.
You are very lightly contaminated with residual magic.
Nothing appears to happen.
The hobgoblin hits you with a +0 club.
* * * LOW HITPOINT WARNING * * *
Press: ? - help, Shift-Dir - straight line, f/p - hobgoblin
Aim: a hobgoblin, wielding a +0 club The splash of poison hits the hobgoblin.
The hobgoblin is heavily wounded.
The hobgoblin hits you with a +0 club.
You die...

#........... ..#
............ #..#
....... ... ...## #
#....###.#.....
#.#.....##.#.... .
..............# ...
##....##?#..####
.....#.....@g........
#..........##.#..#.#.
##.###.#.#.##....#
#.###.#.#.####..###.
........#.# ..#...
..........####.......
................#....
..####..####.#..#....
.. ..................


You could see a hobgoblin.

Vanquished Creatures
  A dart slug (D:1)
  A giant cockroach (D:1)
  A kobold (D:1)
  A bat (D:1)
4 creatures vanquished.

Notes
Turn   | Place    | Note
-------+----------+-------------------------------------------
     0 | D:1      | MajorAdolf the Naga Wanderer began the quest for the Orb.
     0 | D:1      | MajorAdolf set off with the following items: a +0 club, 2
                  | potions of lignification, a +0 robe, a +0 dagger; and the
                  | following spell memorised: Magic Dart; and the following
                  | spells available to memorise: Blink, Call Imp, Slow,
                  | Mephitic Cloud, Conjure Flame
     0 | D:1      | Reached XP level 1. HP: 15/15 MP: 4/4
   367 | D:1      | Slain by a hobgoblin

Illustrated notes

Levels and vault maps discovered:
D:1:      dpeg_arrival_water_temple_mockup, layout_basic

Action                   || total
-------------------------++-------
Melee: Club              ||    16
       Dagger            ||     1
 Cast: Magic Dart        ||     3
 Abil: Spit Poison       ||     5
 Stab: Sleeping          ||     1
Armor: Robe              ||     1
Dodge: Dodged            ||    12
